 Dungeon Crawl Stone Soup version 0.28.0-45-g0d030f2227 (webtiles) character file.

Game seed: 4170008013071904867

95 nickcage the Slasher (level 4, -4/35 HPs)
             Began as a Formicid Fighter on Apr 5, 2022.
             Killed by divine providence
             ... invoked by an orc priest
              (10 damage)
             ... on level 4 of the Dungeon.
             The game lasted 00:03:56 (2470 turns).

nickcage the Slasher (Formicid Fighter)             Turns: 2470, Time: 00:03:57

Health: -4/35      AC:  6    Str: 22    XL:     4   Next: 95%
Magic:  4/4        EV:  8    Int:  8    God:
Gold:   142        SH:  8    Dex: 10    Spells: 3/3 levels left

rFire   . . .      SeeInvis +   a - +0 long sword
rCold   . . .      Faith    .   o - +0 kite shield
rNeg    . . .      Spirit   .   b - +0 scale mail
rPois   .          Reflect  .   (helmet unavailable)
rElec   .          Harm     .   (no cloak)
rCorr   .          Rampage  .   (no gloves)
Will    .....                   (no boots)
Stlth   ..........              (no amulet)
HPRegen 0.11/turn               (no ring)
MPRegen 0.09/turn               (no ring)

@: no status effects
A: permanent stasis, dig shafts and tunnels, antennae 3, four strong arms
a: Dig, Shaft Self


You were on level 4 of the Dungeon.
You visited 1 branch of the dungeon, and saw 4 of its levels.

You collected 142 gold pieces.

Inventory:

Hand Weapons
 a - a +0 long sword (weapon)
Missiles
 k - 6 javelins (quivered)
Armour
 b - a +0 scale mail (worn)
 c - a +0 buckler
 o - a +0 kite shield (worn)
Scrolls
 e - a scroll of fog {unknown}
 f - a scroll of noise {unknown}
 h - 3 scrolls of identify {unknown}
 q - a scroll of blinking {unknown}
Potions
 d - a potion of might
 g - a potion of cancellation {unknown}
 i - a potion of heal wounds {unknown}
 j - a potion of ambrosia {unknown}
 l - a potion of curing {unknown}
 m - a potion of haste {unknown}
 n - a potion of flight {unknown}
 p - a potion of brilliance {unknown}


   Skills:
 - Level 3.2 Fighting
 + Level 4.7 Long Blades
 - Level 3.2 Armour
 - Level 3.6 Shields


You had 3 spell levels left.
You didn't know any spells.
Your spell library was empty.

Dungeon Overview and Level Annotations

Branches:
Dungeon (4/15)
 Temple: D:4-7

Altars:
Ashenzari
Elyvilon


Innate Abilities, Weirdness & Mutations

You cannot be hasted, slowed, berserked, paralysed or teleported.
You can dig through walls and to a lower floor.
You have a pair of large antennae on your head. (SInv)
Your four strong arms can wield two-handed weapons with a shield.


Message History

a +0 dagger; a kobold corpse
Found a broken altar of Ashenzari.
A quokka comes into view.
A quokka is nearby!
The quokka closely misses you.
You slash the quokka!
You kill the quokka!
No target in view!
You sense a monster nearby.
No target in view!
No target in view!
You sense a monster nearby.
An orc priest comes into view. It is wielding a +0 short sword.
Found a stone staircase leading down.
The orc priest shouts!
You hear a shout! x3
An iguana and an orc warrior come into view.
The iguana hisses menacingly.
You hit the orc priest but do no damage.
A hound skeleton comes into view.
An orc wizard comes into view. It is wielding a +0 dagger.
The orc warrior completely misses you.
The orc priest mumbles some strange prayers to Beogh against you.
Beogh smites you!
You hit the orc priest.
The orc priest is moderately wounded.
The iguana completely misses you. You block the orc warrior's attack.
The orc priest hits you but does no damage.
The iguana bites you!
* * * LOW HITPOINT WARNING * * *
You closely miss the orc priest.
The orc priest is moderately wounded.
You block the orc warrior's attack.
The orc priest looks braver for a moment.
The iguana bites you.
* * * LOW HITPOINT WARNING * * *
You hit the orc priest.
The orc priest is moderately wounded.
The orc priest calls down the wrath of Beogh upon you.
Beogh smites you!
You die...

##### ###...#
#.....#
#####.....#
#.........#
#......####
########..#...#_+
#..lo@........####
#o######..#......#
#{o #..#......#
..Z# #..#......#
....{ #..#......#
.>#^## #..#..##.##
. #. #........## #
#####.#).....#
........####.#


You could see an orc warrior, an iguana and an orc priest.

Vanquished Creatures
  3 adders
  A worm (D:3)
  2 dart slugs (D:3)
  3 bats
  9 endoplasms
  4 giant cockroaches
  A goblin (D:1)
  3 hobgoblins
  4 jackals
  8 kobolds
  3 quokkas
  5 ball pythons
  6 frilled lizards
  4 rats
56 creatures vanquished.

Vanquished Creatures (others)
  8 fungi (D:3)
8 creatures vanquished.

Grand Total: 64 creatures vanquished

Notes
Turn   | Place    | Note
-------+----------+-------------------------------------------
     0 | D:1      | nickcage the Formicid Fighter began the quest for the Orb.
     0 | D:1      | Reached XP level 1. HP: 18/18 MP: 1/1
    93 | D:1      | Found a faded altar of an unknown god.
   154 | D:1      | Reached XP level 2. HP: 11/24 MP: 2/2
   395 | D:1      | Reached skill level 3 in Long Blades
   561 | D:1      | Reached XP level 3. HP: 29/29 MP: 3/3
  1509 | D:3      | Reached skill level 4 in Long Blades
  1509 | D:3      | Reached XP level 4. HP: 35/35 MP: 4/4
  1895 | D:3      | Found a white marble altar of Elyvilon.
  2441 | D:4      | Found a broken altar of Ashenzari.
  2463 | D:4      | Noticed an orc warrior
  2470 | D:4      | Killed from afar by an orc priest

Illustrated notes

Levels and vault maps discovered:
D:1:      minmay_arrival_widening_spiral_wide, layout_rooms,
          shapermc_ecumenical_altar_pompeii, grunt_decor_cap,
          corexii_item_surrounded_by_moat
D:2:      layout_rooms
D:3:      layout_basic, mainiacjoe_overflow_cross_hatched
D:4:      layout_loops_ring, ashenzari_conservatory_becter, serial_shops,
          nicolae_shop_stone, nicolae_wooded_promenade

Skill      XL: |  1  2  3 |
---------------+----------+-----
Long Blades    | 3 4 |  4.7
Fighting       | |  3.2
Armour         | |  3.2
Shields        | |  3.6

Action                   |  1- 3 |  4- 6 || total
-------------------------+-------+-------++-------
Melee: Long sword        |    84 |    74 ||   158
Throw: Javelin           |     2 |       ||     2
Armor: Scale mail        |    38 |    43 ||    81
Dodge: Dodged            |    48 |    43 ||    91
Block: Buckler           |    12 |     8 ||    20
       Kite shield       |       |    14 ||    14
